 Dungeon Crawl Stone Soup version 0.28-a0-1190-g77e1c55843 (webtiles) character file.

Game seed: 4800394719142232794

44 Glokmah the Cudgeller (level 3, -15/35 (37) HPs)
             Began as an Ogre Gladiator on Dec 18, 2021.
             Demolished by Crazy Yiuf (16 damage)
             ... on level 2 of the Dungeon.
             The game lasted 00:01:56 (1914 turns).

Glokmah the Cudgeller (Ogre Gladiator)              Turns: 1914, Time: 00:01:57

HP:   -15/35 (37)   AC:  3    Str: 18    XL:     3   Next: 62%
MP:   3/3           EV: 10    Int:  9    God:
Gold: 39            SH:  0    Dex: 12    Spells: 2/2 levels left

rFire   . . .      SeeInvis .   a - +0 flail
rCold   . . .      Faith    .   (no shield)
rNeg    . . .      Spirit   .   b - +0 robe
rPois   .          Reflect  .   c - +0 hat
rElec   .          Harm     .   (no cloak)
rCorr   .          Rampage  .   (gloves unavailable)
Will    .....                   (boots unavailable)
Stlth   +.........              (no amulet)
HPRegen 0.11/turn               (no ring)
MPRegen 0.08/turn               (no ring)

@: drained
A: large, unfitting armour, tough skin 1
a: no special abilities


You were on level 2 of the Dungeon.
You visited 1 branch of the dungeon, and saw 2 of its levels.

You collected 39 gold pieces.

Inventory:

Hand Weapons
 a - a +0 flail (weapon)
Missiles
 d - 4 throwing nets (quivered)
 f - 77 stones
 h - 15 poisoned darts
Armour
 b - a +0 robe (worn)
 c - a +0 hat (worn)
Scrolls
 e - 2 scrolls of identify {unknown}
 i - a scroll of magic mapping {unknown}
 j - a scroll of blinking {unknown}
 k - a scroll of amnesia {unknown}
 m - a scroll of immolation {unknown}
 n - a scroll of torment {unknown}
Potions
 g - 2 potions of haste {unknown}
 l - a potion of attraction {unknown}


   Skills:
 + Level 3.4 Fighting
 * Level 3.5 Maces & Flails
 + Level 2.4 Throwing
 - Level 2.6 Dodging


You had 2 spell levels left.
You didn't know any spells.
Your spell library was empty.

Dungeon Overview and Level Annotations

Branches:
Dungeon (2/15)

Altars:

Annotations:
D:2 Crazy Yiuf


Innate Abilities, Weirdness & Mutations

You are too large for most types of armour.
You have tough skin. (AC +1)


Message History

e - 2 scrolls labelled YNYKIQ UNAST (gained 1)
A kobold comes into view. It is wielding a +0 short sword.
The kobold shouts!
The kobold hits you but does no damage.
You closely miss the kobold.
The kobold hits you with a +0 short sword.
You closely miss the kobold. The kobold completely misses you.
You closely miss the kobold. The kobold barely misses you.
You thump the kobold!
You kill the kobold!
f - 77 stones (gained 5)
You see here a +0 short sword.
There is a stone staircase leading down here.
There is an open door here.
You open the door.
There is an open door here.
There is an open door here.
Found a glowing mace.
Found a runed translucent door.
Crazy Yiuf shouts!
Press: ? - help, v - describe, . - travel A stone wall.
Unknown command.
You open the door. You hit Crazy Yiuf.
Crazy Yiuf is lightly wounded.
Crazy Yiuf hits you with a +4 quarterstaff of chaos!
You feel drained. Crazy Yiuf barely misses you.
You hit Crazy Yiuf.
Crazy Yiuf is moderately wounded.
Crazy Yiuf hits you with a +4 quarterstaff of chaos.
You barely miss Crazy Yiuf.
Crazy Yiuf is moderately wounded.
Crazy Yiuf hits you with a +4 quarterstaff of chaos!
* * * LOW HITPOINT WARNING * * *
Crazy Yiuf freezes you.
* * * LOW HITPOINT WARNING * * *
You closely miss Crazy Yiuf.
Crazy Yiuf is moderately wounded.
Crazy Yiuf hits you with a +4 quarterstaff of chaos!
You die...

...................##
............)....<.#
........#...)......#
#############......#
#......# #......# ###
♣♣##......# #)..#♣♣
♣♣..#......#
#...g@♣♣♣♣......###'##
#...#♣..♣.♣..........#
### ♣♣♣.♣...#.......#
♣♣♣♣♣##.......#
#.......#
#############.......#
#.........'.'.......#
#.........###........
####......# #........


You could see Crazy Yiuf.

Vanquished Creatures
  2 dart slugs (D:2)
  4 ball pythons
  3 endoplasms
  2 giant cockroaches
  4 goblins
  2 hobgoblins (D:1)
  2 jackals (D:1)
  2 quokkas
  6 bats
  3 frilled lizards
  4 kobolds
  4 rats
38 creatures vanquished.

Notes
Turn   | Place    | Note
-------+----------+-------------------------------------------
     0 | D:1      | Glokmah the Ogre Gladiator began the quest for the Orb.
     0 | D:1      | Reached XP level 1. HP: 22/22 MP: 1/1
   310 | D:1      | Reached XP level 2. HP: 29/31 MP: 2/2
   553 | D:1      | Found a faded altar of an unknown god.
   762 | D:1      | Reached XP level 3. HP: 36/37 MP: 3/3
  1906 | D:2      | Found a runed translucent door.
  1907 | D:2      | Noticed Crazy Yiuf
  1913 | D:2      | HP: 1/35 [Crazy Yiuf (5)]
  1914 | D:2      | Demolished by Crazy Yiuf

Illustrated notes

Levels and vault maps discovered:
D:1:      mrwooster_arrival_arrow, layout_rooms,
          hellmonk_ecumenical_altar_dog_temple
D:2:      layout_basic, uniq_crazy_yiuf_cottage

Skill      XL: |  1 |
---------------+----+-----
Fighting       | 3 |  3.4
Maces & Flails | 3 |  3.5
Throwing       | |  2.4
Dodging        | |  2.6

Action                   || total
-------------------------++-------
Melee: Flail             ||   131
Armor: Robe              ||    63
Dodge: Dodged            ||    96

Table legend: (Time is in decaauts)
 A = Elapsed time spent in this place.
 B = Non-inter-level travel time spent in this place.
 C = Inter-level travel time spent in this place.
 D = Time resting spent in this place.
 E = Time spent auto-exploring this place.
 F = Levels seen in this place.
 G = Mean time per level.
                   A        B        C        D        E       F      G
               +--------+--------+--------+--------+--------+-----+--------+
         Total |   1946 |   1887 |     59 |      0 |   1463 |   2 |  973.0 |
       Dungeon |   1946 |   1887 |     59 |      0 |   1463 |   2 |  973.0 |
               +--------+--------+--------+--------+--------+-----+--------+

Top non-repeatable levels by time:
     D:2: 1062 daAuts
     D:1: 884 daAuts
